 Dungeon Sprint DCSS version 0.20-a0-1088-gd50b1d5 (webtiles) character file.

1225 JiminyCricket the Cleaver (level 8, -16/127 HPs)
             Began as a Minotaur Berserker on May 3, 2017.
             Was an Elder of Trog.
             Shot with an arrow by a centaur warrior (17 damage)
             ... in the Dungeon (Sprint I: "Red Sonja").
             The game lasted 00:04:47 (731 turns).

JiminyCricket the Cleaver (Minotaur Berserker)       Turns: 731, Time: 00:04:47

Health: -16/127    AC:  8    Str: 30    XL:     8   Next: 23%
Magic:  7/7        EV: 11    Int:  4    God:    Trog [****..]
Gold:   105        SH:  0    Dex:  9    Spells: 7/7 levels left

rFire    . . .     SeeInvis .   a - +0 hand axe
rCold    + . .     Gourm    .   (no shield)
rNeg     . . .     Faith    .   j - +0 scale mail
rPois    .         Spirit   .   (helmet restricted)
rElec    .         Reflect  .   (no cloak)
rCorr    .         Harm     .   (no gloves)
MR       .....     NoTele   +   (no boots)
Stlth    ..........             b - amulet of magic regeneration
Regen    0.4/turn               c - ring of protection from cold
MPRegen  0.2/turn               (no ring)

@: berserking, very quick
A: retaliatory headbutt, horns 2
a: Berserk, Trog's Hand, Brothers in Arms, Burn Spellbooks, Renounce Religion


You were in the Dungeon.
You worshipped Trog.
Trog was greatly pleased with you.
You were not hungry.

You visited 1 branch You collected 405 gold pieces.
You spent 300 gold pieces at shops.

Inventory:

Hand Weapons
 a - a +0 hand axe (weapon)
Missiles
 k - 22 stones (quivered)
Armour
 j - a +0 scale mail (worn)
Jewellery
 b - an amulet of magic regeneration (around neck)
 c - a ring of protection from cold (left hand)
Scrolls
 i - a scroll of blinking
Potions
 d - 2 potions of curing
 e - a potion of heal wounds
 f - 2 potions of haste
 g - 2 potions of magic
 h - a potion of berserk rage


   Skills:
 + Level 12.9 Fighting
 * Level 14.2 Axes
 + Level 10.4 Armour
 - Level 2.1 Dodging


You had 7 spell levels left.
You didn't know any spells.

Dungeon Overview and Level Annotations

Branches:
Dungeon (1/1)

Altars:
Cheibriados
Dithmenos
Elyvilon
Fedhas
Gozag
Hepliaklqana
Kikubaaqudgha
Makhleb
Nemelex Xobeh
Okawaru
Qazlal
Ru
Sif Muna
Trog
Uskayaw
Vehumet
Wu Jian
Xom
Yredelemnul
Zin
The Shining One
Jiyva
Lugonu

Shops:
D *


Innate Abilities, Weirdness & Mutations

You reflexively headbutt those who attack you in melee.
You have a pair of horns on your head.


Message History

You hear a splash.
The centaur warrior shoots an arrow.
The arrow hits you.
You hear a splash.
The centaur warrior shoots an arrow.
The arrow barely misses you.
You hear a splash.
The centaur warrior shoots an arrow.
The arrow hits you!
* * * LOW HITPOINT WARNING * * *
You hear a splash.
You see here 4 arrows.
The centaur warrior shoots an arrow.
The arrow hits you!
* * * LOW HITPOINT WARNING * * *
There is an open door, spattered with blood here.
You see here an arrow.
You see here a mace.
A red film seems to cover your vision as you go berserk!
You feel yourself moving faster!
You feel mighty!
You feel a lot more hungry.
The centaur warrior shoots an arrow.
The arrow hits you!!
* * * LOW HITPOINT WARNING * * *
The centaur warrior shoots an arrow.
The arrow hits you!
You die...

##########################
#<.#..'..#..'..#__#..'...#
#..'..#..'..#..'^.'..#...#
#..#####'#####'#__####...+
#..####..#...#.####§§#####
#..#__####..##@#§§≈§§#
#..#_____##'#_.§cc§§§+
#⌠⌠#_.∩...'..._#(§§§.#
####_..__##_.#'##+####
#_____###+#.# ####### ###


You could see 2 centaur warriors.

Vanquished Creatures
  2 kobold demonologists (D)
  A slime creature (D)
  Sigmund (D)
  A yak (D)
  A floating eye (D)
  An ogre (D)
  A jelly (D)
  Ijyb (D)
9 creatures vanquished.

Notes
Turn   | Place    | Note
-------+----------+-------------------------------------------
     0 | D        | JiminyCricket the Minotaur Berserker began the quest for the Orb.
     0 | D        | Reached XP level 1. HP: 19/19 MP: 0/0
     1 | D        | Noticed Ijyb
    16 | D        | Killed Ijyb
    16 | D        | Reached skill level 5 in Fighting
    16 | D        | Reached skill level 5 in Axes
    16 | D        | Reached XP level 2. HP: 15/30 MP: 1/1
   159 | D        | Noticed an ogre
   163 | D        | Killed an ogre
   163 | D        | Reached skill level 7 in Axes
   163 | D        | Reached skill level 5 in Armour
   163 | D        | Reached XP level 3. HP: 40/40 MP: 2/2
   163 | D        | Reached XP level 4. HP: 48/48 MP: 3/3
   215 | D        | Noticed Sigmund
   219 | D        | Killed Sigmund
   219 | D        | Reached ** piety under Trog
   219 | D        | Reached skill level 10 in Fighting
   219 | D        | Reached skill level 10 in Axes
   219 | D        | Reached XP level 5. HP: 58/58 MP: 4/4
   286 | D        | Found a burning altar of Makhleb.
   286 | D        | Found a viscous altar of Jiyva.
   286 | D        | Found a shimmering altar of Xom.
   286 | D        | Found a corrupted altar of Lugonu.
   286 | D        | Noticed a slime creature
   294 | D        | Killed a slime creature
   294 | D        | Reached skill level 11 in Axes
   294 | D        | Reached XP level 6. HP: 55/68 MP: 5/5
   442 | D        | Noticed a kobold demonologist
   442 | D        | Noticed a floating eye
   443 | D        | Noticed an ice devil
   444 | D        | Noticed a kobold demonologist
   444 | D        | Killed a floating eye
   444 | D        | Reached XP level 7. HP: 74/74 MP: 6/6
   447 | D        | Noticed a rust devil
   449 | D        | Noticed a neqoxec
   452 | D        | Killed a kobold demonologist
   452 | D        | Reached *** piety under Trog
   452 | D        | Reached skill level 13 in Axes
   458 | D        | Killed a kobold demonologist
   458 | D        | Reached skill level 10 in Armour
   458 | D        | Reached XP level 8. HP: 80/85 MP: 7/7
   582 | D        | Found an ornate altar of the Wu Jian Council.
   582 | D        | Found a deep blue altar of Sif Muna.
   584 | D        | Found a radiant altar of Vehumet.
   588 | D        | Reached **** piety under Trog
   611 | D        | Found Berasorph's Assorted Antiques.
   611 | D        | Found an ancient bone altar of Kikubaaqudgha.
   611 | D        | Found a hazy altar of Hepliaklqana.
   611 | D        | Found a stormy altar of Qazlal.
   611 | D        | Found a hide-covered altar of Uskayaw.
   611 | D        | Found a blossoming altar of Fedhas.
   611 | D        | Found a bloodstained altar of Trog.
   611 | D        | Found an iron altar of Okawaru.
   611 | D        | Found a basalt altar of Yredelemnul.
   611 | D        | Found a glowing golden altar of the Shining One.
   611 | D        | Found a snail-covered altar of Cheibriados.
   611 | D        | Found a sacrificial altar of Ru.
   611 | D        | Found a glowing silver altar of Zin.
   611 | D        | Found a shadowy altar of Dithmenos.
   611 | D        | Found a white marble altar of Elyvilon.
   615 | D        | Reached skill level 14 in Axes
   616 | D        | Found an opulent altar of Gozag.
   617 | D        | Found a sparkling altar of Nemelex Xobeh.
   621 | D        | Bought a thin bone amulet for 150 gold pieces
   621 | D        | Bought a tubular jade ring for 150 gold pieces
   691 | D        | Noticed a centaur warrior
   712 | D        | Noticed a centaur warrior
   731 | D        | HP: 1/127 [centaur warrior/arrow (19)]
   731 | D        | Shot with an arrow by a centaur warrior

Vault maps used:
D:        dungeon_sprint_1

Skill      XL: |  1  2  3  4  5  6  7  8 |
---------------+-------------------------+-----
Fighting       | 5 7 10 11 12 | 12.9
Axes           | 5 7 10 11 13 14 | 14.2
Armour         | 3 5 7 8 10 | 10.4
Dodging        | |  2.1

Action                   |  1- 3 |  4- 6 |  7- 9 || total
-------------------------+-------+-------+-------++-------
Melee: Hand axe          |    17 |     9 |    20 ||    46
       Headbutt          |     4 |     3 |     3 ||    10
Invok: Berserk           |     1 |     3 |     1 ||     5
  Eat: Chunk             |       |     1 |       ||     1
       Bread ration      |       |       |     1 ||     1
Armor: Animal skin       |     1 |       |       ||     1
       Scale mail        |       |     1 |     4 ||     5
Dodge: Dodged            |    11 |     1 |    10 ||    22
